AoeStats
← noodleindasauce

Arabia

508067858Analyzed
1v1 RM · 13d ago on Sep 20, 2026· 51m 37s· 2 players
Game mode
Random Map
Map size
Tiny (2 player)
Population
200
Speed
Normal
Resources
Standard
Victory
Conquest
Starting age
Dark Age
Ending age
Imperial Age
RankedLock teamsTeams togetherTeam positionsShared explorationLock speedFull tech treeHidden civsTurbo modeCheats
Victory
Defeat
🇱🇺 Koreans · Luxembourg
1211
+18
🇺🇸 Mongols · United States
1258
-18
Roland Papier
7:09 Loom
9:33 Feudal Age
10:35 Double-Bit Axe
13:06 Fletching
21:33 Castle Age
19:48 Gold Mining
25:59 Squires
28:24 Scale Mail Armor
30:58 Chain Mail Armor
30:54 Forging
34:31 Gold Shaft Mining
36:20 Forging
40:34 Imperial Age
38:45 Wheelbarrow
37:56 Town Watch
38:48 Pikeman
40:34 Halberdier
40:56 Elite Skirmisher
42:43 Conscription
43:29 Chemistry
42:51 Ballistics
46:02 Plate Mail Armor
48:00 Stone Mining
48:38 Elite Fire Lancer
50:44 Iron Casting
50:10 Horse Collar
50:42 Bow Saw
51:06 Bodkin Arrow
noodleindasauce
5:29 Loom
5:35 Loom
8:48 Feudal Age
9:46 Double-Bit Axe
10:39 Horse Collar
22:05 Castle Age
21:21 Bloodlines
21:34 Gold Mining
22:10 Scale Barding Armor
25:28 Husbandry
29:11 Wheelbarrow
32:59 Chain Barding Armor
32:50 Forging
34:01 Hand Cart
36:54 Imperial Age
35:31 Forging
37:19 Town Watch
37:09 Cavalier
38:17 Town Patrol
40:33 Heavy Plow
40:07 Elite Skirmisher
41:21 Bow Saw
41:23 Fletching
41:34 Padded Archer Armor
42:10 Iron Casting
42:16 Conscription
41:31 Light Cavalry
44:07 Ballistics
45:11 Hoardings
44:36 Hussar
44:53 Capped Ram
49:04 Bodkin Arrow
Connection lost

Rejoining the realm…

Still unreachable

The connection could not be restored.

Session expired

The server has moved on; the page needs a fresh start.